 Dungeon Crawl Stone Soup version 0.24.0-28-g17ded55e90 (webtiles) character file.

Game seed: 7819602823551887421, levelgen mode: deterministic

279 Delamore the Cleaver (level 6, -4/51 HPs)
             Began as a Hill Orc Fighter on Nov 11, 2019.
             Killed by divine providence
             ... invoked by an orc priest
              (15 damage)
             ... on level 4 of the Dungeon.
             The game lasted 00:03:13 (3259 turns).

Delamore the Cleaver (Hill Orc Fighter)             Turns: 3259, Time: 00:03:14

Health: -4/51      AC:  8    Str: 21    XL:     6   Next: 26%
Magic:  6/6        EV:  7    Int:  8    God:
Gold:   109        SH:  9    Dex: 10    Spells: 5/5 levels left

rFire    . . .     SeeInvis .   a - +0 war axe
rCold    . . .     Gourm    .   c - +0 shield
rNeg     . . .     Faith    .   b - +0 scale mail
rPois    .         Spirit   .   (no helmet)
rElec    .         Reflect  .   i - +0 cloak
rCorr    .         Harm     .   (no gloves)
MR       .....                  (no boots)
Stlth    ..........             (no amulet)
HPRegen  0.17/turn              (no ring)
MPRegen  0.10/turn              (no ring)

@: no status effects
A: no striking features
a: Convert to Beogh


You were on level 4 of the Dungeon.
You were near starving.

You visited 1 branch of the dungeon, and saw 4 of its levels.

You collected 109 gold pieces.

Inventory:

Hand Weapons
 a - a +0 war axe (weapon)
Armour
 b - a +0 scale mail (worn)
 c - a +0 shield (worn)
 i - a +0 cloak (worn)
Jewellery
 g - a cursed -3 ring of slaying {unknown}
Scrolls
 e - a scroll of noise {unknown}
 h - a scroll of remove curse {unknown}
 l - a scroll of magic mapping {unknown}
 m - a scroll of enchant armour {unknown}
Potions
 d - a potion of might
 j - a potion of agility
 k - a potion of curing {unknown}
Comestibles
 f - 5 rations
 n - 4 chunks of flesh


   Skills:
 - Level 3.6 Fighting
 + Level 8.5 Axes
 - Level 3.2 Armour
 - Level 3.2 Shields


You had 5 spell levels left.
You didn't know any spells.
Your spell library contained the following spells:

 Spells                   Type           Power        Failure   Level  Hunger
 Magic Dart               Conj           #...         99%         1    ##.....
 Blink                    Tloc           N/A          100%        2    ###....
 Call Imp                 Summ           #.......     100%        2    ###....
 Slow                     Hex            #.......     100%        2    ###....
 Conjure Flame            Conj/Fire      #.......     100%        3    ####...
 Mephitic Cloud           Conj/Pois/Air  #.......     100%        3    ####...


Dungeon Overview and Level Annotations

Branches:
Dungeon (4/15)
 Temple: D:4-7

Altars:
Ashenzari
Fedhas
Makhleb
Okawaru

Annotations:
D:4 Pikel


Message History

You hit the orc but do no damage. You closely miss the orc priest.
A howler monkey comes into view.
The orc priest hits you but does no damage.
The orc hits you with a +0 flail.
You hit the orc priest but do no damage.
You closely miss the orc. You block the orc priest's attack.
The orc barely misses you.
You hit the orc priest but do no damage.
You hit the orc but do no damage.
The orc priest hits you but does no damage.
You block the orc's attack.
You closely miss the orc priest. You hit the orc.
The orc priest hits you with a +0 flail.
* * * LOW HITPOINT WARNING * * *
You block the orc's attack.
You closely miss the orc priest. You hit the orc.
The howler monkey hoots and howls with incredible vigour!
The orc priest invokes the aid of Beogh against you.
Beogh smites you!
You die...

..... .....#
......###########
................#
................#
....?..........#
#...o..<....#
##$ho@รท%....#
#......##########
#...... .......
#...... #......
######. #.


You could see a howler monkey, an orc priest and an orc.

Vanquished Creatures
  A scorpion (D:4)
  A hound (D:3)
  3 worker ants (D:4)
  3 adders
  2 gnolls
  3 oozes
  2 worms (D:2)
  A leopard gecko (D:1)
  3 orcs (D:4)
  4 bats
  6 giant cockroaches
  11 goblins
  5 hobgoblins
  4 jackals (D:4)
  A ball python (D:2)
  3 frilled lizards
  8 kobolds
  5 rats
66 creatures vanquished.

Notes
Turn   | Place    | Note
-------+----------+-------------------------------------------
     0 | D:1      | Delamore the Hill Orc Fighter began the quest for the Orb.
     0 | D:1      | Reached XP level 1. HP: 19/19 MP: 1/1
    43 | D:1      | Reached skill level 3 in Axes
    62 | D:1      | Reached XP level 2. HP: 26/26 MP: 2/2
   106 | D:1      | Reached skill level 4 in Axes
   558 | D:1      | Reached XP level 3. HP: 31/31 MP: 3/3
   967 | D:2      | Reached skill level 5 in Axes
  1500 | D:2      | Reached XP level 4. HP: 39/39 MP: 4/4
  1761 | D:2      | Reached skill level 6 in Axes
  1822 | D:2      | Found a shattered altar of Ashenzari.
  1824 | D:2      | Found a burning altar of Makhleb.
  1826 | D:2      | Found a blossoming altar of Fedhas.
  1827 | D:2      | Found an iron altar of Okawaru.
  2236 | D:4      | Reached skill level 7 in Axes
  2236 | D:4      | Reached XP level 5. HP: 8/45 MP: 5/5
  2635 | D:3      | HP: 1/45 [gnoll/+0 halberd (11)]
  3187 | D:4      | Noticed a slave
  3187 | D:4      | Noticed Pikel
  3187 | D:4      | Noticed a slave
  3199 | D:4      | Noticed a slave
  3206 | D:4      | Noticed a slave
  3210 | D:3      | Reached skill level 8 in Axes
  3210 | D:3      | Reached XP level 6. HP: 40/51 MP: 6/6
  3259 | D:4      | Killed from afar by an orc priest

Levels and vault maps discovered:
D:1:      dpeg_arrival_subterranean_lakeside_camping, layout_basic
D:2:      layout_basic, minitemple, first_ration
D:3:      layout_loops_corners, chequers_serial_rivers_micro_e
D:4:      layout_rooms, minmay_temple_entry_statues_pillars, uniq_pikel

Skill      XL: |  1  2  3  4  5 |
---------------+----------------+-----
Axes           | 3 4 5 7 8 |  8.5
Fighting       | |  3.6
Armour         | |  3.2
Shields        | |  3.2

Action                   |  1- 3 |  4- 6 || total
-------------------------+-------+-------++-------
Melee: War axe           |   161 |   129 ||   290
  Use: Potion            |       |     1 ||     1
  Eat: Chunk             |     2 |     4 ||     6
Armor: Scale mail        |    76 |    60 ||   136
Dodge: Dodged            |    52 |    49 ||   101
Block: Shield            |    86 |    75 ||   161
